 Dungeon Crawl Stone Soup version 0.26-a0-259-g1effd001a9 (webtiles) character file.

Game seed: 5058211882033379574

458 Esekla the Slasher (level 7, -9/55 HPs)
             Began as a Formicid Abyssal Knight on July 13, 2020.
             Was a Believer of Lugonu.
             Mangled by an orc warrior
             ... wielding a +0 trident
              (21 damage)
             ... on level 6 of the Dungeon.
             The game lasted 00:25:29 (4448 turns).

Esekla the Slasher (Formicid Abyssal Knight)        Turns: 4448, Time: 00:25:29

Health: -9/55      AC:  4    Str: 17    XL:     7   Next: 27%
Magic:  9/9        EV: 12    Int: 13    God:    Lugonu [**....]
Gold:   30         SH:  4    Dex: 12    Spells: 6/6 levels left

rFire    . . .     SeeInvis +   d - +5 long sword "Beastbane" {flame, rN+ SInv}
rCold    . . .     Faith    .   v - +0 buckler
rNeg     + . .     Spirit   .   b - +0 leather armour
rPois    .         Reflect  .   (helmet unavailable)
rElec    .         Harm     .   (no cloak)
rCorr    .                      n - +0 pair of gloves
MR       +....                  (no boots)
Stlth    +.........             (no amulet)
HPRegen  0.18/turn              k - ring of protection from magic
MPRegen  0.11/turn              (no ring)

@: no status effects
A: permanent stasis, dig shafts and tunnels, four strong arms, antennae 3,
clever 1, sense surroundings 1, MP-powered wands
a: Dig, Shaft Self, Depart the Abyss, Bend Space, Renounce Religion


You were on level 6 of the Dungeon.
You worshipped Lugonu.
Lugonu was pleased with you.
You were not hungry.

You visited 1 branch of the dungeon, and saw 6 of its levels.
You visited the Abyss 1 time.

You collected 268 gold pieces.
You spent 238 gold pieces at shops.

Inventory:

Hand Weapons
 a - a +2 falchion
 d - the +5 long sword "Beastbane" (weapon) {flame, rN+ SInv}
   (You found it on level 2 of the Abyss)

   It has been specially enchanted to burn those struck by it, causing extra
   injury to most foes and up to half again as much damage against particularly
   susceptible opponents.
   Big, fiery blades are also staple armaments of hydra-hunters.
   It protects you from negative energy.
   It lets you see invisible.
 g - a +0 short sword
 s - a +0 glaive
Missiles
 j - 18 poisoned darts (quivered)
Armour
 b - a +0 leather armour (worn)
 n - a +0 pair of gloves (worn)
 v - a +0 buckler (worn)
Jewellery
 k - a ring of protection from magic (left hand)
 l - an uncursed ring of fire
Wands
 o - a wand of random effects (6)
 t - a wand of clouds (3)
Scrolls
 e - a scroll of immolation
 f - a scroll of identify
 r - a scroll of amnesia
 w - a scroll of remove curse
Potions
 h - 2 potions of resistance
 i - 2 potions of invisibility
 m - a potion of lignification {unknown}
 q - a potion of cancellation {unknown}
 u - a potion of heal wounds {unknown}
 x - a potion of berserk rage {unknown}
Comestibles
 c - 11 rations


   Skills:
 * Level 4.5 Fighting
 * Level 4.6 Long Blades
 + Level 2.0 Throwing
 + Level 2.9 Armour
 + Level 1.8 Dodging
 + Level 0.1 Stealth
 * Level 2.0 Shields
 * Level 3.7 Invocations


You had 6 spell levels left.
You didn't know any spells.
Your spell library was empty.

Dungeon Overview and Level Annotations

Branches:
Dungeon (6/15)
 Temple: D:4-7

Altars:
Kikubaaqudgha
Makhleb
Nemelex Xobeh
Uskayaw
Wu Jian

Shops:
D:5 !


Innate Abilities, Weirdness & Mutations

You cannot be hasted, slowed, berserked, paralysed or teleported.
You can dig through walls and to a lower floor.
Your four strong arms can wield two-handed weapons with a shield.
You have a pair of large antennae on your head. (SInv)
Your mind is acute. (Int +2)
You passively map a small area around you.
You expend magic power (3 MP) to strengthen your wands.


Message History

The puff of flame hits you.
* * * LOW HITPOINT WARNING * * *
Throwing (i - inventory)
j - 20 poisoned darts (quivered)
Press: ? - help, Shift-Dir - straight line, f/p - orc wizard
Aim: an orc wizard, wielding a +0 dagger and wearing a +0 robe (severely wounded, fast, poisoned)
You throw a poisoned dart.
The poisoned dart completely misses the orc wizard.
The orc wizard miscasts a cantrip.
Throwing (i - inventory)
j - 19 poisoned darts (quivered)
Press: ? - help, Shift-Dir - straight line, f/p - orc wizard
Aim: an orc wizard, wielding a +0 dagger and wearing a +0 robe (almost dead, fast, poisoned)
You throw a poisoned dart. The poisoned dart hits the orc wizard.
The orc wizard looks even sicker.
The orc wizard is almost dead.
The orc wizard casts a spell.
The orc wizard flickers and vanishes for a moment.
Are you sure you want to shaft yourself?
You begin to dig a shaft.
You continue digging a shaft.
The orc warrior hits you from afar with a +0 trident!!
You die...

>.........#
,..........#
..........#
.........#
....o...[# *
,*#o..####
######(#[..# ,
#....oo...##
#..@......#
#.........#
#.........#
#.........#
#.........# *
*######.##'#####
,
##...##.##....##
#..............#
#..............#


You could see an orc warrior and an orc wizard (fast, invisible, very poisoned).

Vanquished Creatures
  An ogre (D:4)
  A hound (D:6)
  2 orc priests
  An orc wizard (D:3)
  Ijyb (D:4)
  2 worker ants
  A howler monkey skeleton (D:4)
  4 adders
  An ufetubus (D:6)
  3 oozes
  2 worms (D:2)
  4 dart slugs
  3 leopard geckos
  9 orcs
  A ball python (D:1)
  6 giant cockroaches
  8 goblins
  12 hobgoblins
  6 jackals
  3 quokkas
  4 bats
  3 frilled lizards
  A jackal zombie (D:5)
  7 kobolds
  8 rats
94 creatures vanquished.

Notes
Turn   | Place    | Note
-------+----------+-------------------------------------------
     0 | Abyss:1  | Esekla the Formicid Abyssal Knight began the quest for the
                  | Orb.
     0 | Abyss:1  | Reached XP level 1. HP: 18/18 MP: 2/2
    40 | Abyss:2  | Got a bloodstained long sword
    41 | Abyss:2  | Identified the +5 long sword "Beastbane" {flame, rN+ SInv}
                  | (You found it on level 2 of the Abyss)
    86 | Abyss:2  | Noticed a rakshasa
    88 | D:1      | Escaped the Abyss
   166 | D:1      | Reached XP level 2. HP: 22/24 MP: 3/3
   181 | D:1      | Reached * piety under Lugonu
   286 | D:1      | Reached skill level 1 in Dodging
   314 | D:1      | Reached XP level 3. HP: 23/29 MP: 4/4
   972 | D:2      | Reached XP level 4. HP: 22/37 MP: 5/5
  1880 | D:3      | Reached XP level 5. HP: 39/42 MP: 7/7
  2097 | D:3      | Reached skill level 1 in Throwing
  2215 | D:3      | Reached ** piety under Lugonu
  2426 | D:3      | Reached XP level 6. HP: 46/48 MP: 8/8
  2726 | D:4      | Reached skill level 1 in Shields
  2832 | D:4      | Noticed an ogre
  2841 | D:4      | Killed an ogre
  2889 | D:4      | Noticed Ijyb
  2893 | D:4      | Noticed an ogre
  3324 | D:4      | Found a burning altar of Makhleb.
  3332 | D:4      | Found a hide-covered altar of Uskayaw.
  3448 | D:4      | Killed Ijyb
  3525 | D:4      | Found a sparkling altar of Nemelex Xobeh.
  3738 | D:5      | Entered Level 5 of the Dungeon
  3738 | D:5      | Found an ancient bone altar of Kikubaaqudgha.
  3785 | D:5      | Found an ornate altar of the Wu Jian Council.
  3869 | D:5      | Reached XP level 7. HP: 55/55 MP: 9/9
  3884 | D:5      | Found Egrany Wuza's Distillery.
  3889 | D:5      | Bought 2 potions of mutation for 224 gold pieces
  3889 | D:5      | Bought a potion of degeneration for 14 gold pieces
  3919 | D:4      | Gained mutation: Your spells are a little harder to cast,
                  | but a little more powerful. [potion of mutation]
  3919 | D:4      | Gained mutation: You are frail. (-10% HP) [potion of
                  | mutation]
  3919 | D:4      | Gained mutation: You have a somewhat thin skeletal
                  | structure. (Dex +2, Stealth) [potion of mutation]
  3920 | D:4      | Lost mutation: You are frail. (-10% HP) [potion of
                  | mutation]
  3920 | D:4      | Lost mutation: You have a somewhat thin skeletal structure.
                  | (Dex +2, Stealth) [potion of mutation]
  3920 | D:4      | Lost mutation: Your spells are a little harder to cast, but
                  | a little more powerful. [potion of mutation]
  3920 | D:4      | Gained mutation: You expend magic power (3 MP) to
                  | strengthen your wands. [potion of mutation]
  3920 | D:4      | Gained mutation: Your mind is acute. (Int +2) [potion of
                  | mutation]
  3920 | D:4      | Gained mutation: You passively map a small area around you.
                  | [potion of mutation]
  4448 | D:6      | Mangled by an orc warrior

Illustrated notes

Levels and vault maps discovered:
D:1:      lemuel_arrival_lava_pool, layout_basic, dk_noncrumbling_4, st_stairs_7
D:2:      layout_basic, kennysheep_generic_room_3
D:3:      layout_basic
D:4:      layout_loops_ring, nicolae_overflow_hidden_temple,
          amethyst_overflow_temple_binary, uniq_ijyb
D:5:      layout_rooms, lemuel_coloured_pillars_altar,
          overflow_temple_1_default, first_ration, serial_shops, shop,
          patterned_corridor, uniq_grinder
D:6:      layout_gridville

Skill      XL: |  1  2  3  4  5  6  7 |
---------------+----------------------+-----
Dodging        | 1 |  1.8
Fighting       | 4 |  4.5
Long Blades    | 3 4 |  4.6
Invocations    | 3 |  3.7
Throwing       | 1 2 |  2.0
Shields        | 1 2 |  2.0
Armour         | |  2.9
Stealth        | |  0.1

Action                   |  1- 3 |  4- 6 |  7- 9 || total
-------------------------+-------+-------+-------++-------
Melee: Long sword        |    83 |   146 |    17 ||   246
Throw: Dart              |     9 |    34 |     4 ||    47
Invok: Depart the Abyss  |     1 |       |       ||     1
 Abil: Shaft Self        |       |       |     1 ||     1
  Use: Scroll            |     6 |     3 |     1 ||    10
       Potion            |       |       |     2 ||     2
  Eat: Ration            |       |     3 |       ||     3
Armor: Leather armour    |    23 |    32 |     6 ||    61
Dodge: Dodged            |    49 |    88 |    15 ||   152
Block: Buckler           |       |       |     3 ||     3
       Rpst.: Long sword |    17 |    31 |     2 ||    50

Table legend:
 A = Non-vault XP
 B = Vault XP
 C = Vault XP percentage of total XP
 D = Non-vault monster count
 E = Vault monster count
 F = Vault count percentage of total count
                 A         B        C        D         E       F
            +---------+---------+-------+---------+---------+-------
      Total |     613 |      42 |   6.4 |      90 |       4 |   4.3
            +---------+---------+-------+---------+---------+-------
        D:1 |      47 |       4 |   7.8 |      23 |       2 |   8.0
        D:2 |      74 |       2 |   2.6 |      19 |       1 |   5.0
        D:3 |     158 |       0 |   0.0 |      31 |       0 |   0.0
        D:4 |     185 |      36 |  16.3 |       9 |       1 |  10.0
        D:5 |      54 |       0 |   0.0 |       4 |       0 |   0.0
        D:6 |      95 |       0 |   0.0 |       4 |       0 |   0.0
            +---------+---------+-------+---------+---------+-------
